cohdb
Replays
Latest Replays
All Replays
Popular Replays
Top Player Replays
Match Explorer
How It Works
Community
CoH3 Stats
Reddit
Sign in to upload your games and track your stats! →
Sign in with Steam
Match 45540891
Unlisted
Match 45540891
Overview
Messages
Build Orders
End
Royal Engineer Section
Construct Section Command Post
Selects Canadian Shock Battlegroup
Selects Canadian Shock Battlegroup
Dingo Light Scout Car
Vickers Machine Gun Team
Construct Field Infirmary
Selects Offensive Resupply
Selects Attacking Spirit
Selects Canadian Shock Section
Canadian Shock Section
Canadian Shock Section
Selects Incendiary Munitions
Canadian Shock Section
Construct Platoon Command Post
Infantry Training
Selects Pyrotechnics
Construct Company Command Post
Matilda II Heavy Tank
ajmonsterman
Steven
[RF]Pvt.Paula
[RF]Schweinchenbaben
0
0
Comments
sign in to comment!
No comments posted yet!